 Dungeon Crawl Stone Soup version 0.30-a0-43-gbbf338a72c (webtiles) character file.

Game seed: 443911790937715684

980 LnG the Cleaver (level 8, -2/68 HPs)
             Began as a Hill Orc Fighter on Aug 31, 2022.
             Was a Believer of Elyvilon.
             Slain by a gnoll sergeant
             ... wielding a +0 trident of protection
              (7 damage)
             ... on level 5 of the Dungeon.
             The game lasted 00:34:22 (7525 turns).

LnG the Cleaver (Hill Orc Fighter)                  Turns: 7525, Time: 00:34:23

Health: -2/68      AC: 16    Str: 21    XL:     8   Next: 17%
Magic:  8/8        EV:  3    Int:  8    God:    Elyvilon [**....]
Gold:   225        SH: 12    Dex: 10    Spells: 7/7 levels left

rFire   . . .      SeeInvis .    a - +0 war axe
rCold   . . .      Faith    .    u - +0 tower shield
rNeg    + . .      Spirit   .    g - +0 plate armour
rPois   .          Reflect  .    e - +0 helmet
rElec   .          Harm     .    (no cloak)
rCorr   .          Rampage  .    f - +0 pair of gloves
Will    +....                    t - +0 pair of boots
Stlth   ..........               (no amulet)
HPRegen 0.21/turn                i - ring of positive energy
MPRegen 0.11/turn                (no ring)

@: no status effects
A: strong-willed 1
a: Renounce Religion, Purification, Heal Other


You were on level 5 of the Dungeon.
You worshipped Elyvilon.
Elyvilon was pleased with you.
You visited 1 branch of the dungeon, and saw 5 of its levels.

You collected 225 gold pieces.

Inventory:

Hand Weapons
 a - a +0 war axe (weapon)
Armour
 b - a +0 scale mail
 c - a +0 buckler
 e - a +0 helmet (worn)
 f - a +0 pair of gloves (worn)
 g - a +0 plate armour (worn)
 t - a +0 pair of boots (worn)
 u - a +0 tower shield (worn)
Jewellery
 i - a ring of positive energy (left hand)
Scrolls
 d - 3 scrolls of amnesia
 j - 3 scrolls of magic mapping
 m - a scroll of summoning {unknown}
 n - 2 scrolls of noise
 p - a scroll of identify
Potions
 h - a potion of brilliance
 k - a potion of berserk rage {unknown}
 l - a potion of resistance {unknown}
 o - a potion of attraction {unknown}
 q - 2 potions of ambrosia {unknown}
 r - a potion of mutation


   Skills:
 + Level 5.2 Fighting
 + Level 9.0 Axes
 + Level 5.2 Armour
 + Level 1.3 Dodging
 + Level 0.3 Stealth
 + Level 4.8 Shields


You had 7 spell levels left.
You didn't know any spells.
Your spell library contained the following spells:

 Spells                   Type           Power      Damage    Failure   Level
 Apportation              Tloc           0%         N/A       100%        1
 Necrotise                Necr           0%         1d4       100%        1
 Summon Small Mammal      Summ           0%         N/A       100%        1
 Alistair's Intoxication  Tmut/Pois      0%         N/A       100%        5
 Borgnjor's Vile Clutch   Necr/Erth      0%         N/A       100%        5
 Eringya's Noxious Bog    Tmut/Pois      0%         N/A       100%        6


Dungeon Overview and Level Annotations

Branches:
Dungeon (5/15)
 Temple: D:4-7

Altars:
Elyvilon
Fedhas
Hepliaklqana


Innate Abilities, Weirdness & Mutations

You are strong-willed. (Will+)


Message History

You hit the gnoll bouda.
The gnoll bouda is severely wounded.
The gnoll sergeant shoots an arrow.
The arrow hits you!
* * * LOW HITPOINT WARNING * * *
You block the gnoll's attack.
The gnoll bouda hits you but does no damage.
The gnoll sergeant shoots an arrow.
The arrow barely misses you.
The arrow hits the gnoll bouda!
The gnoll bouda dies!
The gnoll hits you but does no damage.
Your Axes skill increases to level 9!
The gnoll sergeant shoots an arrow.
You block the arrow.
You hear a bark!
The gnoll sergeant shoots an arrow.
The arrow hits you!
* * * LOW HITPOINT WARNING * * *
The gnoll sergeant unwields a +0 shortbow.
The gnoll sergeant wields a +0 trident of protection.
You block the gnoll sergeant's attack. The gnoll hits you but does no damage.
You slash the gnoll sergeant!
The gnoll sergeant is heavily wounded.
You block the gnoll's attack.
The gnoll sergeant hits you with a +0 trident of protection.
* * * LOW HITPOINT WARNING * * *
You hit the gnoll sergeant.
The gnoll sergeant is severely wounded.
The gnoll hits you but does no damage.
The gnoll sergeant hits you with a +0 trident of protection!
Elyvilon protects you from harm! The gnoll hits you but does no damage.
The gnoll sergeant hits you with a +0 trident of protection.
* * * LOW HITPOINT WARNING * * *
You hit the gnoll sergeant.
The gnoll sergeant is severely wounded.
The gnoll is no longer moving quickly.
The gnoll barely misses you.
The gnoll sergeant hits you but does no damage.
You hit the gnoll sergeant but do no damage.
The gnoll sergeant is severely wounded.
You block the gnoll's attack.
The gnoll sergeant hits you with a +0 trident of protection!
You die...

#..# #...# #... #..
.##.... #.. .....#
#.# ....#
###)###...##
#.#†..#....##
##..).g......##.
#..##...@g......
##..............
##..###........#.
######.....##....####
................##
...##...........# .
####.....####.## .
#..'.....###...##..
#.)'...............


You could see a gnoll sergeant and a gnoll.

Vanquished Creatures
  An ogre (D:4)
  A centaur (D:4)
  The ghost of ytrimaz the Magician, an amateur DjHW (D:3)
  3 scorpions
  A gnoll sergeant (D:5)
  3 hounds
  A gnoll bouda (D:5)
  Crazy Yiuf (D:4)
  A jelly (D:4)
  Terence (D:3)
  An iguana (D:5)
  3 adders
  12 gnolls
  7 worms
  3 dart slugs
  6 orcs
  5 ball pythons
  13 endoplasms
  7 goblins
  6 hobgoblins
  3 jackals
  5 quokkas
  2 bats
  4 frilled lizards
  10 kobolds
  7 rats
  A spectral kobold (D:2)
109 creatures vanquished.

Vanquished Creatures (others)
  A gnoll bouda (D:5)
1 creature vanquished.

Grand Total: 110 creatures vanquished

Notes
Turn   | Place    | Note
-------+----------+-------------------------------------------
     0 | D:1      | LnG the Hill Orc Fighter began the quest for the Orb.
     0 | D:1      | Reached XP level 1. HP: 19/19 MP: 1/1
   351 | D:1      | Reached XP level 2. HP: 23/27 MP: 2/2
   977 | D:1      | Reached skill level 3 in Axes
  1075 | D:1      | Reached XP level 3. HP: 23/33 MP: 3/3
  2239 | D:2      | Reached XP level 4. HP: 31/40 MP: 4/4
  2531 | D:2      | Reached skill level 4 in Axes
  3070 | D:1      | You fall into a shaft and drop 1 floor!
  3523 | D:3      | Noticed Terence
  3540 | D:3      | Killed Terence
  3715 | D:3      | You fall into a shaft and drop 1 floor!
  3733 | D:4      | Reached skill level 5 in Axes
  3733 | D:4      | Reached XP level 5. HP: 31/46 MP: 5/5
  3735 | D:4      | Noticed a centaur
  3771 | D:4      | Killed a centaur
  3772 | D:4      | Reached skill level 6 in Axes
  3772 | D:4      | Reached XP level 6. HP: 40/53 MP: 6/6
  3880 | D:4      | Reached skill level 7 in Axes
  5230 | D:2      | Found a faded altar of an unknown god.
  5318 | D:2      | Prayed at the altar of an unknown god.
  5318 | D:2      | Became a worshipper of Elyvilon the Healer
  5318 | D:2      | Reached * piety under Elyvilon
  5470 | D:3      | Found a runed translucent gate.
  5471 | D:3      | Found a runed translucent gate.
  5471 | D:3      | Found a runed translucent gate.
  5473 | D:3      | Noticed ytrimaz's ghost (amateur DjHW)
  5490 | D:3      | Killed ytrimaz's ghost
  5491 | D:3      | Reached XP level 7. HP: 56/60 MP: 7/7
  5743 | D:4      | Reached skill level 1 in Dodging
  5997 | D:4      | Reached skill level 5 in Fighting
  6031 | D:4      | Gained mutation: Your spells are a little easier to cast,
                  | but a little less powerful. [potion of mutation]
  6032 | D:4      | Lost mutation: Your spells are a little easier to cast, but
                  | a little less powerful. [potion of mutation]
  6032 | D:4      | Gained mutation: You are strong-willed. (Will+) [potion of
                  | mutation]
  6339 | D:4      | Found a runed translucent door.
  6340 | D:4      | Noticed Crazy Yiuf
  6357 | D:4      | Killed Crazy Yiuf
  6358 | D:4      | Reached skill level 8 in Axes
  6588 | D:4      | Reached ** piety under Elyvilon
  6690 | D:4      | Found a hazy altar of Hepliaklqana.
  6818 | D:5      | Entered Level 5 of the Dungeon
  6862 | D:5      | Reached skill level 5 in Armour
  7009 | D:5      | Found a blossoming altar of Fedhas.
  7430 | D:5      | Reached XP level 8. HP: 58/68 MP: 8/8
  7519 | D:5      | Reached skill level 9 in Axes
  7523 | D:5      | Elyvilon protects you from harm!
  7525 | D:5      | Slain by a gnoll sergeant

Illustrated notes

Levels and vault maps discovered:
D:1:      dpeg_arrival_boxes_within_box, layout_basic
D:2:      layout_basic, dreamdust_ecumenical_altar_drowned_temple
D:3:      layout_basic, ebering_ghost_rock_garden, uniq_terence
D:4:      layout_loops_ring, worldfamousw_hep_ancestral_shrine,
          uniq_crazy_yiuf_cottage
D:5:      layout_cave_pools, mainiacjoe_overflow_concentric_impassable,
          serial_gnoll_camp, gnoll_camp_huts_basic, gnoll_camp_mini_sergeant,
          gnoll_camp_mini_hut, gnoll_camp_mini_loothouse, gnoll_camp_mini_hut

Skill      XL: |  1  2  3  4  5  6  7  8 |
---------------+-------------------------+-----
Axes           | 3 5 6 7 8 9 |  9.0
Fighting       | 4 5 |  5.2
Armour         | 4 5 |  5.2
Shields        | 4 |  4.8
Dodging        | 1 |  1.3
Stealth        | |  0.3

Action                   |  1- 3 |  4- 6 |  7- 9 || total
-------------------------+-------+-------+-------++-------
Melee: War axe           |    92 |   122 |   124 ||   338
  Use: Scroll            |     1 |     5 |     1 ||     7
       Potion            |       |     3 |     4 ||     7
Armor: Scale mail        |    30 |       |       ||    30
       Plate armour      |    17 |    97 |    75 ||   189
Dodge: Dodged            |    40 |    43 |    33 ||   116
Block: Buckler           |    16 |    32 |     8 ||    56
       Tower shield      |       |       |    38 ||    38

Table legend: (Time is in decaauts)
 A = Elapsed time spent in this place.
 B = Non-inter-level travel time spent in this place.
 C = Inter-level travel time spent in this place.
 D = Time resting spent in this place.
 E = Time spent auto-exploring this place.
 F = Levels seen in this place.
 G = Mean time per level.
                   A        B        C        D        E       F      G
               +--------+--------+--------+--------+--------+-----+--------+
         Total |   7611 |   7611 |      0 |   2239 |      0 |   5 | 1522.2 |
       Dungeon |   7611 |   7611 |      0 |   2239 |      0 |   5 | 1522.2 |
               +--------+--------+--------+--------+--------+-----+--------+

Top non-repeatable levels by time:
     D:1: 2241 daAuts
     D:2: 2061 daAuts
     D:4: 1689 daAuts
     D:3: 889 daAuts
     D:5: 729 daAuts
